 Dungeon Crawl Stone Soup version 0.29.1-13-g9f3cf754e1 (webtiles) character file.

Game seed: 5894258331011889292

110 Thatpatchoflichen the Trooper (level 5, -6/43 HPs)
             Began as a Formicid Monk on Jan 29, 2023.
             Mangled by an orc priest
             ... wielding a +1 falchion of distortion
              (12 damage)
             ... on level 4 of the Dungeon.
             The game lasted 00:07:18 (4220 turns).

Thatpatchoflichen the Trooper (Formicid Monk)       Turns: 4220, Time: 00:07:18

Health: -6/43      AC: 10    Str: 24    XL:     5   Next: 14%
Magic:  5/5        EV:  9    Int:  9    God:
Gold:   165        SH:  0    Dex: 16    Spells: 4/4 levels left

rFire   . . .      SeeInvis +   a - +0 mace
rCold   . . .      Faith    .   (no shield)
rNeg    . . .      Spirit   .   f - +0 chain mail
rPois   .          Reflect  .   (helmet unavailable)
rElec   .          Harm     .   p - +0 cloak
rCorr   .          Rampage  .   (no gloves)
Will    .....                   e - +0 pair of boots
Stlth   ..........              (no amulet)
HPRegen 0.14/turn               m - +6 ring of strength
MPRegen 0.09/turn               (no ring)

@: no status effects
A: permanent stasis, dig shafts and tunnels, antennae 3, four strong arms
a: Dig, Shaft Self


You were on level 4 of the Dungeon.
You visited 1 branch of the dungeon, and saw 4 of its levels.

You collected 185 gold pieces.
You spent 20 gold pieces at shops.

Inventory:

Hand Weapons
 a - a +0 mace (weapon)
Armour
 b - a +0 robe
 d - an orb of guile
 e - a +0 pair of boots (worn)
 f - a +0 chain mail (worn)
 p - a +0 cloak (worn)
Jewellery
 m - a +6 ring of strength (left hand)
Scrolls
 g - a scroll of magic mapping {unknown}
 h - a scroll of enchant armour {unknown}
 k - a scroll of poison {unknown}
 n - 2 scrolls of teleportation {unknown}
 o - 3 scrolls of immolation {unknown}
 s - a scroll of brand weapon {unknown}
 t - a scroll of identify
 u - a scroll of butterflies {unknown}
 v - a scroll of noise {unknown}
Potions
 c - a potion of ambrosia
 i - 2 potions of lignification {unknown}
 j - 3 potions of attraction {unknown}
 l - a potion of mutation {unknown}
 q - 2 potions of brilliance {unknown}
 r - 2 potions of flight {unknown}


   Skills:
 + Level 4.5 Fighting
 + Level 4.1 Maces & Flails
 + Level 1.2 Armour
 - Level 3.0 Dodging
 - Level 2.4 Stealth


You had 4 spell levels left.
You didn't know any spells.
Your spell library contained the following spells:

 Spells                   Type           Power      Damage    Failure   Level
 Necrotise                Necr           0%         1d4       97%         1
 Inner Flame              Hex/Fire       0%         N/A       100%        3
 Vampiric Draining        Necr           0%         2d6       100%        3
 Cause Fear               Hex            0%         N/A       100%        4
 Agony                    Necr           0%         N/A       100%        5
 Discord                  Hex            0%         N/A       100%        8


Dungeon Overview and Level Annotations

Branches:
Dungeon (4/15)
 Temple: D:4-7

Altars:
Xom

Shops:
D:3 ?


Innate Abilities, Weirdness & Mutations

You cannot be hasted, slowed, berserked, paralysed or teleported.
You can dig through walls and to a lower floor.
You have a pair of large antennae on your head. (SInv)
Your four strong arms can wield two-handed weapons with a shield.


Message History

There is a stone staircase leading down here.
You thump the orc!
You kill the orc!
Items here: ))) [ ††.
There is a stone staircase leading down here.
You climb downwards.
The orc hits you but does no damage.
There is a stone staircase leading up here.
The orc hits you but does no damage.
You climb upwards.
There is a stone staircase leading down here.
You barely miss the orc. You punch the orc, but do no damage.
The orc closely misses you. The orc hits you but does no damage.
You sock the orc!
You kill the orc!
Items here: )))) [[ ††.
There is a stone staircase leading down here.
You climb downwards.
There is a stone staircase leading up here.
There is a stone staircase leading up here.
The orc priest calls down the wrath of Beogh upon you.
Beogh smites you!
The goblin shouts!
You hear an angry growl.
You closely miss the goblin. The goblin hits you but does no damage.
You barely miss the goblin. The goblin barely misses you.
You hit the goblin but do no damage. The goblin hits you but does no damage.
A black bear comes into view.
The goblin barely misses you.
You hit the goblin.
You kill the goblin!
The orc priest hits you but does no damage.
Space warps horribly around you!!
* * * LOW HITPOINT WARNING * * *
The black bear barely misses you. x2
The black bear claws you but does no damage.
There is a stone staircase leading up here.
You see here a +3 dagger.
The orc priest hits you with a +1 falchion of distortion.
* * * LOW HITPOINT WARNING * * *
Space warps horribly around you!
You die...

#).....######....#.##
[.....oo.# ##......####....
.........# #..#.##....#....
.........#####.##.!.........
.........o................^.
........###..#..>..#.......#
........# #..##...##......#
........##.#.###o.#.....#
#.##.......... #@.......#
##............###h........#
............## ##.......o..
(...........# #...........
#..g.. .. ....#........
#..#########.. #.. ..# . ...
>.#


You could see a black bear and an orc priest.

Vanquished Creatures
  An adder (D:2)
  7 dart slugs
  9 orcs
  6 ball pythons
  9 bats
  5 endoplasms
  3 giant cockroaches
  9 goblins
  2 hobgoblins (D:2)
  4 jackals (D:1)
  3 quokkas
  A frilled lizard (D:2)
  6 kobolds
  7 rats
72 creatures vanquished.

Notes
Turn   | Place    | Note
-------+----------+-------------------------------------------
     0 | D:1      | Thatpatchoflichen the Formicid Monk began the quest for the
                  | Orb.
     0 | D:1      | Reached XP level 1. HP: 18/18 MP: 1/1
   103 | D:1      | Reached XP level 2. HP: 19/24 MP: 2/2
   919 | D:1      | Reached XP level 3. HP: 28/30 MP: 3/3
  1982 | D:2      | Reached XP level 4. HP: 19/37 MP: 4/4
  3051 | D:3      | Found Vadghousch's Magic Scroll Shop.
  3072 | D:3      | Bought a scroll of identify for 20 gold pieces
  3368 | D:3      | Found a white marble altar of Elyvilon.
  3370 | D:3      | Found an opulent altar of Gozag.
  3370 | D:3      | Found a shimmering altar of Xom.
  3380 | D:3      | Found a shimmering altar of Xom.
  3380 | D:3      | Found a sacrificial altar of Ru.
  3380 | D:3      | Found a shimmering altar of Xom.
  3865 | D:4      | Reached skill level 1 in Armour
  3876 | D:4      | Reached XP level 5. HP: 37/43 MP: 5/5
  4217 | D:4      | Noticed a black bear
  4220 | D:4      | Mangled by an orc priest

Illustrated notes

Levels and vault maps discovered:
D:1:      amcnicky_arrival_feature_with_door, layout_basic, skrybe_limestone_x
D:2:      layout_basic, minmay_pentomino_o4
D:3:      layout_loops_ring, doesnt_xom_only_xom, serial_shops, shop,
          nrook_mini_backslash
D:4:      layout_cave_pools, minmay_temple_entry_from_below_a,
          grunt_ministairs_4

Skill      XL: |  1  2  3  4 |
---------------+-------------+-----
Dodging        | 3 |  3.0
Fighting       | 4 |  4.5
Maces & Flails | 4 |  4.1
Armour         | 1 |  1.2
Stealth        | |  2.4

Action                   |  1- 3 |  4- 6 || total
-------------------------+-------+-------++-------
Melee: Mace              |   129 |   122 ||   251
       Punch             |     1 |     3 ||     4
 Abil: Dig               |     1 |       ||     1
 Stab: Sleeping          |     2 |     2 ||     4
Armor: Robe              |    64 |    37 ||   101
       Chain mail        |       |    27 ||    27
Dodge: Dodged            |   165 |   101 ||   266
